AoeStats
← Fireworks

Black Forest

507797831Analyzed
4v4 RM · 14d ago on Sep 19, 2026· 44m 42s· 8 players
Game mode
Random Map
Map size
Large (8 player)
Population
200
Speed
Normal
Resources
Standard
Victory
Conquest
Starting age
Dark Age
Ending age
Imperial Age
RankedLock teamsTeams togetherTeam positionsShared explorationLock speedFull tech treeHidden civsTurbo modeCheats
Victory
Defeat
🇨🇳 Hindustanis · China
1541
+11
🇨🇳 Portuguese · China
1490
+13
🇨🇳 Gurjaras · China
1464
+14
🇨🇳 Vikings · China
1367
+19
🇩🇪 Chinese · Germany
1458
-16
🇩🇪 Burmese · Germany
1447
-15
🇩🇪 Tupi · Germany
1420
-14
🇷🇺 Armenians · Russia
1382
-12
eraycoskun33
0:29 Loom
11:00 Feudal Age
12:15 Double-Bit Axe
15:00 Castle Age
14:42 Scale Barding Armor
17:33 Wheelbarrow
16:58 Horse Collar
22:39 Hand Cart
23:36 Forging
26:16 Bloodlines
26:06 Husbandry
29:49 Gold Mining
32:15 Chain Barding Armor
33:19 Iron Casting
w h i z.
0:27 Loom
10:57 Feudal Age
11:24 Double-Bit Axe
18:06 Castle Age
16:55 Horse Collar
18:28 Fletching
19:13 Bow Saw
20:13 Bodkin Arrow
23:31 Ballistics
24:11 Wheelbarrow
26:06 Heavy Plow
33:44 Imperial Age
33:51 Hand Cart
33:38 Padded Archer Armor
33:44 Gold Mining
34:56 Bracer
35:59 Chemistry
35:58 Curare
36:11 Elite Blackwood Archer
37:11 Leather Archer Armor
38:36 Conscription
38:19 Guard Tower
40:25 Ring Archer Armor
privalovivan99
3:10 Loom
11:25 Feudal Age
12:39 Double-Bit Axe
15:13 Castle Age
13:53 Horse Collar
22:28 Wheelbarrow
23:03 Heavy Plow
23:50 Gold Mining
23:51 Stone Mining
29:13 Imperial Age
27:43 Gold Shaft Mining
27:19 Bow Saw
27:30 Hand Cart
28:41 Scale Barding Armor
28:47 Forging
28:22 Man-at-Arms
28:47 Gambesons
29:03 Squires
29:32 Scale Mail Armor
29:05 Long Swordsman
30:05 Fereters
30:40 Arson
30:20 Two-Handed Swordsman
31:19 Chain Mail Armor
31:40 Iron Casting
31:07 Elite Composite Bowman
31:35 Champion
33:41 Fletching
34:24 Plate Mail Armor
34:54 Blast Furnace
35:32 Ballistics
35:48 Fletching
37:13 Padded Archer Armor
37:11 Bodkin Arrow
38:01 Bracer
41:46 Leather Archer Armor
43:14 Chemistry
43:31 Ring Archer Armor
EL_SCHMIDT
0:44 Loom
20:55 Feudal Age
25:23 Castle Age
24:15 Forging
24:44 Fletching
06老玩家回归
1:04 Loom
11:36 Feudal Age
15:42 Castle Age
13:32 Double-Bit Axe
13:55 Horse Collar
16:41 Bow Saw
16:55 Heavy Plow
21:29 Wheelbarrow
23:46 Gold Mining
26:49 Imperial Age
25:48 Gold Shaft Mining
26:02 Sanctity
25:58 Fervor
27:45 Redemption
28:10 Illumination
28:22 Theocracy
31:08 Chemistry
31:55 Stone Mining
33:43 Fletching
34:26 Bodkin Arrow
34:31 Padded Archer Armor
36:53 Bracer
37:08 Leather Archer Armor
39:45 Conscription
41:10 Elite Skirmisher
41:56 Thumb Ring
43:15 Bloodlines
43:05 Husbandry
43:59 Ballistics
43:58 Hand Cart
44:28 Leather Archer Armor
赶脚的柠檬头
10:29 Feudal Age
14:04 Castle Age
12:53 Double-Bit Axe
12:50 Horse Collar
15:09 Bow Saw
15:21 Heavy Plow
19:59 Loom
21:00 Wheelbarrow
22:00 Bloodlines
23:26 Husbandry
24:15 Scale Barding Armor
26:10 Chain Barding Armor
26:16 Forging
28:35 Iron Casting
32:05 Hand Cart
32:13 Town Watch
32:55 Town Patrol
37:09 Imperial Age
36:14 Gold Mining
36:16 Stone Mining
37:13 Cavalier
38:34 Plate Barding Armor
40:12 Blast Furnace
40:35 Chemistry
42:56 Stone Shaft Mining
42:01 Elite Organ Gun
45:13 Siege Engineers
45:30 Conscription
Fireworks
4:17 Loom
9:37 Feudal Age
15:12 Fletching
19:08 Padded Archer Armor
25:15 Castle Age
23:55 Double-Bit Axe
24:01 Gold Mining
25:21 Crossbowman
26:05 Bodkin Arrow
30:42 Horse Collar
31:13 Bow Saw
35:58 Thumb Ring
38:08 Ballistics
93老玩家回归
11:14 Feudal Age
15:14 Castle Age
14:17 Horse Collar
14:23 Double-Bit Axe
16:51 Heavy Plow
24:48 Bow Saw
24:33 Gold Mining
28:12 Imperial Age
26:48 Loom
26:48 Town Watch
27:29 Scale Mail Armor
27:40 Forging
28:18 Gold Shaft Mining
27:35 Stone Mining
27:57 Pikeman
28:23 Arson
28:39 Squires
28:57 Chain Mail Armor
29:17 Iron Casting
29:24 Capped Ram
30:08 Man-at-Arms
30:34 Gambesons
31:21 Plate Mail Armor
31:51 Blast Furnace
30:53 Long Swordsman
32:22 Two-Handed Swordsman
34:25 Crop Rotation
33:42 Champion
35:07 Conscription
34:49 Chieftains
35:40 Siege Ram
36:48 Fletching
36:58 Padded Archer Armor
38:07 Hoardings
37:51 Bodkin Arrow
37:41 Treadmill Crane
38:22 Ballistics
38:14 Masonry
37:59 Murder Holes
38:09 Elite Berserk
41:45 Bracer
43:27 Siege Engineers
43:53 Architecture
44:23 Chemistry
Connection lost

Rejoining the realm…

Still unreachable

The connection could not be restored.

Session expired

The server has moved on; the page needs a fresh start.